 Dungeon Crawl Stone Soup version 0.21-a0-113-g6841d05 (webtiles) character file.

249 tof the Twirler (level 5, 0/42 HPs)
             Began as a Demonspawn Gladiator on July 12, 2017.
             Slain by Zorot's ghost (6 damage)
             ... on level 4 of the Dungeon.
             The game lasted 00:06:38 (3918 turns).

tof the Twirler (Demonspawn Gladiator)              Turns: 3918, Time: 00:06:39

Health: 0/42       AC:  7    Str: 15    XL:     5   Next: 87%
Magic:  0/5        EV: 17    Int:  7    God:
Gold:   209        SH:  0    Dex: 19    Spells: 4/4 levels left

rFire    . . .     SeeInvis .   a - +0 quarterstaff
rCold    . . .     Gourm    .   (shield currently unavailable)
rNeg     . . .     Faith    .   w - +0 ring mail
rPois    .         Spirit   +   c - +0 helmet
rElec    .         Reflect  .   (no cloak)
rCorr    .         Harm     .   (no gloves)
MR       .....                  (no boots)
Stlth    +++.......             (no amulet)
HPRegen  0.14/turn              t - ring of stealth
MPRegen  0.18/turn              x - -3 ring of intelligence (curse)

@: agile
A: rugged brown scales 1, magic shield, magic regeneration
a: no special abilities


You were on level 4 of the Dungeon.
You were not hungry.

You visited 1 branch of the dungeon, and saw 4 of its levels.

You collected 209 gold pieces.

Inventory:

Hand Weapons
 a - a +0 quarterstaff (weapon)
 b - a +0 blowgun
Missiles
 d - 5 throwing nets (quivered)
 n - 20 poisoned needles
 u - 3 needles of confusion
Armour
 c - a +0 helmet (worn)
 g - a +0 leather armour
 w - a +0 ring mail (worn)
Jewellery
 t - a ring of stealth (left hand)
 x - a cursed -3 ring of intelligence (right hand)
Scrolls
 p - a scroll of enchant armour {unknown}
 q - 4 scrolls of teleportation {unknown}
 r - a scroll of remove curse {unknown}
 s - a scroll of fog {unknown}
Potions
 e - a potion of agility
 h - 2 potions of lignification {unknown}
 m - 2 potions of curing {unknown}
 o - 2 potions of heal wounds {unknown}
 v - 2 potions of mutation {unknown}
Comestibles
 f - 2 bread rations
 i - 3 fruits
 j - a meat ration
 k - 2 royal jellies


   Skills:
 + Level 3.1 Fighting
 * Level 4.0 Staves
 + Level 2.8 Throwing
 + Level 2.0 Armour
 + Level 3.3 Dodging


You had 4 spell levels left.
You didn't know any spells.

Dungeon Overview and Level Annotations

Branches:
Dungeon (4/15)
 Temple: D:4-7

Altars:

Annotations:
D:4 Zorot's ghost, amateur FoFi


Innate Abilities, Weirdness & Mutations

You are partially covered in rugged brown scales. (AC +1, +3% HP)
When hurt, damage is shared between your health and your magic reserves.
You regenerate magic rapidly.


Message History

You hit Zorot's ghost but do no damage.
Zorot's ghost is severely damaged.
Zorot's ghost misses you.
You hit Zorot's ghost.
Zorot's ghost is severely damaged.
Zorot's ghost hits you!
You closely miss Zorot's ghost.
Zorot's ghost is severely damaged.
Zorot's ghost misses you.
You sock Zorot's ghost!
Zorot's ghost is almost destroyed.
Zorot's ghost hits you!
* * * LOW HITPOINT WARNING * * *
You hit Zorot's ghost but do no damage.
Zorot's ghost is almost destroyed.
Zorot's ghost misses you.
You barely miss Zorot's ghost.
Zorot's ghost is almost destroyed.
Zorot's ghost hits you!
You die...

# #. ###.###
#.....######..
#.###W#.......
#%# #@....#
#.###.#.#.#
#.....#.#
#.#.###.#
#.#.## .#
##....# .#
#..###...#
#......# ..##
#.###..# .#


You could see Zorot's ghost.

Vanquished Creatures
  A bullfrog (D:3)
  A worker ant (D:4)
  4 gnolls
  3 adders
  An ooze (D:1)
  An adder skeleton (D:4)
  2 worms
  3 dart slugs (D:1)
  A leopard gecko (D:1)
  An orc (D:3)
  2 ball pythons (D:2)
  10 bats
  5 giant cockroaches
  11 goblins
  7 hobgoblins
  4 jackals
  11 frilled lizards
  6 kobolds
  A quokka skeleton (D:4)
  5 rats
80 creatures vanquished.

Notes
Turn   | Place    | Note
-------+----------+-------------------------------------------
     0 | D:1      | tof the Demonspawn Gladiator began the quest for the Orb.
     0 | D:1      | Reached XP level 1. HP: 16/16 MP: 1/1
    77 | D:1      | Gained mutation: When hurt, damage is shared between your health and your magic reserves. [demonic ancestry]
    77 | D:1      | Reached XP level 2. HP: 15/22 MP: 2/2
   217 | D:1      | Reached skill level 3 in Staves
   569 | D:1      | Reached XP level 3. HP: 25/28 MP: 3/3
  1224 | D:2      | Reached skill level 1 in Armour
  1978 | D:2      | Gained mutation: You regenerate magic rapidly. [demonic ancestry]
  1978 | D:2      | Reached XP level 4. HP: 26/34 MP: 2/4
  3065 | D:3      | Gained mutation: You are partially covered in rugged brown scales. (AC +1, +3% HP) [demonic ancestry]
  3065 | D:3      | Reached XP level 5. HP: 27/41 MP: 5/5
  3612 | D:4      | Reached skill level 4 in Staves
  3652 | D:4      | Noticed Zorot's ghost (amateur FoFi)
  3918 | D:4      | Slain by Zorot's ghost

Vault maps used:
D:1:      kilobyte_arrival_exit_the_forest, corexii_hall_statues_l, st_stairs_9,
          minmay_pentomino_x4
D:4:      kennysheep_little_box, first_bread, uniq_duvessa, uniq_ijyb,
          uniq_pikel, uniq_robin

Skill      XL: |  1  2  3  4  5 |
---------------+----------------+-----
Staves         | 3 4 |  4.0
Throwing       | 2 |  2.8
Dodging        | 3 |  3.3
Armour         | 1 2 |  2.0
Fighting       | 3 |  3.1

Action                   |  1- 3 |  4- 6 || total
-------------------------+-------+-------++-------
Melee: Quarterstaff      |   111 |   132 ||   243
 Fire: Blowgun           |       |     4 ||     4
  Use: Scroll            |       |     3 ||     3
       Potion            |       |     1 ||     1
 Stab: Sleeping          |     3 |       ||     3
  Eat: Chunk             |     2 |     7 ||     9
       Bread ration      |       |     1 ||     1
Armor: Leather armour    |    32 |     8 ||    40
       Ring mail         |       |    31 ||    31
       Skin              |       |     1 ||     1
Dodge: Dodged            |    65 |   145 ||   210
